 Dungeon Crawl Stone Soup version 0.19.0-11-g3fc08b3 (webtiles) character file.

70711 dobroeutro the Severer (level 14, -3/130 HPs)
             Began as a Minotaur Berserker on Nov 9, 2016.
             Was the Champion of Trog.
             Slain by an orc warrior
             ... wielding a +0 halberd
              (16 damage)
             ... on level 2 of the Orcish Mines.
             The game lasted 00:27:46 (11927 turns).

dobroeutro the Severer (Minotaur Berserker)        Turns: 11927, Time: 00:27:47

Health: -3/130     AC: 22    Str: 28    XL:     14   Next: 95%
Magic:  13/13      EV: 21    Int:  4    God:    Trog [******]
Gold:   1977       SH:  0    Dex: 11    Spells: 0 memorised, 13 levels left

rFire  . . .     SeeInvis .     M - +3 executioner's axe (vamp)
rCold  . . .     Gourm    .     A - +4 ring mail of Sunlight {*Slow rElec rN+ Regen+ Str+2}
rNeg   + . .     Faith    +     (shield currently unavailable)
rPois  .         Spirit   .     (helmet unavailable)
rElec  +         Reflect  .     y - +2 cloak
rCorr  .         Harm     .     o - +2 pair of gloves
MR     +....                    C - +2 pair of boots
Stlth  ++........               n - amulet of faith
                                (no ring)
                                E - +4 ring of evasion

@: no status effects
A: retaliatory headbutt, horns 3, camouflage 1, mutation resistance 1
a: Berserk, Trog's Hand, Brothers in Arms, Burn Spellbooks, Renounce Religion


You were on level 2 of the Orcish Mines.
You worshipped Trog.
Trog was exalted by your worship.
You were hungry.

You visited 2 branches of the dungeon, and saw 17 of its levels.

You collected 1977 gold pieces.

Inventory:

Hand Weapons
 i - the +2 whip of Luatuud {drain, rF++ rC+ Int+2}
   (You found it on level 5 of the Dungeon)

   A truly terrible weapon, it drains the life of those it strikes.
   It affects your intelligence (+2).
   It greatly protects you from fire.
   It protects you from cold.
 s - the +5 battleaxe of Destruction {elec, rC++ Str-2 Int+4 Stlth+, unknown}
   (You took it off an orc priest on level 1 of the Orcish Mines)

   Occasionally, upon striking a foe, it will discharge some electrical energy
   and cause terrible harm.
   It affects your strength (-2).
   It affects your intelligence (+4).
   It greatly protects you from cold.
   It makes you more stealthy.
 t - a +3 broad axe of chopping
 D - a +5 antimagic executioner's axe
 M - a +3 vampiric executioner's axe (weapon)
Armour
 o - a +2 pair of gloves (worn)
 y - a +2 cloak (worn)
 A - the +4 ring mail of Sunlight (worn) {*Slow rElec rN+ Regen+ Str+2}
   (You found it on level 6 of the Dungeon)

   It affects your strength (+2).
   It insulates you from electricity.
   It protects you from negative energy.
   It increases your rate of regeneration.
   It may slow you when you take damage.
 C - a +2 pair of boots (worn)
 H - a +1 hat of magic resistance
Rods
 S - a +0 iron rod (10/10)
   (You found it on level 12 of the Dungeon)
Jewellery
 n - an amulet of faith (around neck)
 r - an uncursed ring of ice
 E - a +4 ring of evasion (left hand)
 O - an uncursed ring of ice
Wands
 v - a wand of teleportation (8/9)
 B - a wand of slowing (27/48)
 F - a wand of random effects (29/48)
 N - a wand of teleportation (3/9)
 V - a wand of paralysis (10/24)
Scrolls
 a - 3 scrolls of recharging
 b - a scroll of enchant weapon
 f - 11 scrolls of remove curse
 h - 4 scrolls of immolation
 l - 3 scrolls of enchant armour
 p - 5 scrolls of teleportation
 I - 2 scrolls of blinking
 U - a scroll of fear
Potions
 e - 11 potions of curing
 k - 2 potions of brilliance
 q - 2 potions of flight
 u - 2 potions of lignification
 x - a potion of beneficial mutation
 z - 2 potions of agility
 G - 3 potions of might
 K - a potion of berserk rage {unknown}
 L - a potion of invisibility
 T - a potion of cure mutation {unknown}
Books
 J - a book of Beasts

   Spells                             Type                      Level
   a - Summon Butterflies             Summoning                    1
   b - Call Canine Familiar           Summoning                    3
   c - Summon Ice Beast               Ice/Summoning                4
   d - Summon Mana Viper              Hexes/Summoning              5
   e - Summon Hydra                   Summoning                    7
   Trog disapproves of the use of such an item.
 P - a book of Minor Magic

   Spells                             Type                      Level
   a - Magic Dart                     Conjuration                  1
   b - Blink                          Translocation                2
   c - Call Imp                       Summoning                    2
   d - Repel Missiles                 Charms/Air                   2
   e - Slow                           Hexes                        2
   f - Conjure Flame                  Conjuration/Fire             3
   g - Mephitic Cloud                 Conjuration/Poison/Air       3
   Trog disapproves of the use of such an item.
 Y - the Catalogue of the Snowflakes
   (You found it on level 14 of the Dungeon)

   Spells                             Type                      Level
   a - Freeze                         Ice                          1
   b - Throw Frost                    Conjuration/Ice              2
   c - Ice Form                       Ice/Transmutation            4
   d - Freezing Cloud                 Conjuration/Ice/Air          6
   Trog disapproves of the use of such an item.
Comestibles
 c - 13 bread rations
 d - 9 meat rations
 g - 7 beef jerkies
 j - 11 fruits
 m - 11 royal jellies
 w - 2 slices of pizza
 Q - 3 chunks of flesh


   Skills:
 + Level 13.9 Fighting
 * Level 19.8 Axes
 + Level 13.8 Armour
 + Level 12.6 Dodging


You had 13 spell levels left.
You didn't know any spells.

Dungeon Overview and Level Annotations

Branches:
Dungeon (15/15)            Temple (0/1) D:7            Lair (0/6) D:11
    Orc (2/2) D:12         Vaults (0/5) D:14         Depths (0/5) D:15
    Elf: Orc:2

Altars:
Ashenzari
Kikubaaqudgha
Makhleb
Okawaru
Sif Muna
Trog
Uskayaw
Zin
The Shining One

Shops:
D:4 *[   D:13 ?   D:15 %


Innate Abilities, Weirdness & Mutations

You reflexively headbutt those who attack you in melee.
You have a pair of large horns on your head.
Your skin changes colour to match your surroundings (Stealth+).
You are somewhat resistant to further mutation.


Message History

The orc misses you. The orc completely misses you.
An orc warrior comes into view. It is wielding a short sword.
The orc warrior shouts!
You are too injured to fight recklessly!
Unknown command.
You are too injured to fight recklessly!
Unknown command.
The orc warrior hits you but does no damage.
The warg misses you. The orc hits you.
* * * LOW HITPOINT WARNING * * *
The orc completely misses you.
There is a stone staircase leading up, spattered with blood here.
Items here: ( )))) [[[ † Unknown command.
The orc warrior hits you from afar with a glaive!!
* * * LOW HITPOINT WARNING * * *
The warg completely misses you. You furiously retaliate!
You headbutt the warg! The orc warrior completely misses you.
The orc warrior hits you from afar with a halberd!
You die...

.. # #. #. #.
##.###.#######.
.......(.....o.
...............
.$....oo)(.....
.....oohoo..#..
......)@)(.....
..........(##..
............#
.......#....$#
....... ..#.##
......# ...##
....$. ..##
.$.... .##


You could see an orc knight, a warg, 4 orc warriors and 2 orcs.

Vanquished Creatures
  Agnes (D:15)
  3 stone giants
  2 hydras (D:15)
  A vault guard (D:14)
  A death knight (D:13)
  5 centaur warriors
  2 ogre magi (Orc:1)
  The ghost of Lluna the Unseen, a journeyman SpAs of Dithmenos (D:10)
  Nergalle (Orc:1)
  2 skeletal warriors (D:15)
  A flayed ghost (D:15)
  3 unseen horrors
  3 phantasmal warriors (D:13)
  A necromancer (D:15)
  7 deep elf magi (Orc:1)
  21 hill giants
  2 wizards (D:15)
  A sphinx zombie (D:15)
  3 ugly things (D:14)
  An iron dragon zombie (D:15)
  2 orc sorcerers
  3 orc knights
  4 cyclopes
  An elephant (shapeshifter) (D:14)
  2 centaur zombies
  Maurice (D:8)
  2 gargoyles
  A kobold demonologist (D:13)
  2 komodo dragons (D:10)
  A spriggan skeleton (D:15)
  2 freezing wraiths
  10 trolls
  2 two-headed ogres
  2 hornets
  Prince Ribbit (D:9)
  An ice dragon zombie (D:15)
  2 harpy skeletons (D:14)
  Grinder (D:3)
  22 slime creatures
  The ghost of emikaela the Ducker, an amateur DEHu of Okawaru (D:5)
  6 hippogriffs
  A shadow (D:11)
  3 wraiths
  A tarantella (shapeshifter) (D:15)
  2 wyverns
  16 yaks
  A hog (shapeshifter) (D:15)
  4 vampire mosquitoes (D:15)
  4 hungry ghosts
  A basilisk (D:15)
  A mottled dragon (D:11)
  9 wargs
  Edmund (D:4)
  A water moccasin (D:9)
  Duvessa (D:5)
  3 black bears
  4 ice beasts
  2 necrophages
  16 orc warriors
  A phantom (D:10)
  3 sky beasts
  30 centaurs
  A boggart (shapeshifter) (D:14)
  4 wolves (Orc:1)
  15 ogres
  3 big kobolds
  15 bullfrogs
  A gnoll sergeant (D:10)
  A wyvern zombie (D:11)
  6 scorpions
  Dowan (D:5)
  20 killer bees
  14 wights
  7 howler monkeys
  7 crimson imps
  A bullfrog zombie (D:10)
  2 quasits (D:13)
  Crazy Yiuf (D:5)
  15 orc priests
  7 jellies
  25 orc wizards
  6 centaur skeletons
  6 hounds
  Jessica (D:3)
  An iguana (D:6)
  12 worker ants
  A worker ant zombie (D:10)
  Robin (D:2)
  6 gnolls
  16 adders
  3 shadow imps
  8 oozes
  3 adder skeletons
  6 worms
  2 dart slugs (D:1)
  9 leopard geckos
  96 orcs
  4 ball pythons
  3 giant cockroaches
  7 goblins
  9 hobgoblins
  10 jackals
  17 kobolds
  3 quokkas
  A bat (D:2)
  6 frilled lizards
  A jackal skeleton (D:6)
  A quokka skeleton (D:10)
  12 rats
633 creatures vanquished.

Vanquished Creatures (collateral kills)
  Gastronok (D:9)
  2 hydras
  A hill giant (D:13)
  An ugly thing (D:14)
  A cyclops (D:15)
6 creatures vanquished.

Vanquished Creatures (others)
  A deep elf mage (Orc:1)
  2 orcs (Orc:2)
  A withered plant (D:15)
4 creatures vanquished.

Grand Total: 643 creatures vanquished

Notes
Turn   | Place    | Note
-------+----------+-------------------------------------------
     0 | D:1      | dobroeutro the Minotaur Berserker began the quest for the Orb.
     0 | D:1      | Reached XP level 1. HP: 19/19 MP: 0/0
    94 | D:1      | Reached skill level 4 in Axes
   129 | D:1      | Reached XP level 2. HP: 26/26 MP: 1/1
   464 | D:1      | Reached skill level 5 in Axes
   524 | D:2      | Reached XP level 3. HP: 28/31 MP: 2/2
   562 | D:2      | Reached ** piety under Trog
   853 | D:2      | Noticed Robin
   877 | D:2      | Killed Robin
   893 | D:2      | Reached skill level 6 in Axes
   893 | D:2      | Reached XP level 4. HP: 9/39 MP: 3/3
  1547 | D:3      | Reached XP level 5. HP: 40/45 MP: 4/4
  1558 | D:3      | Reached *** piety under Trog
  1558 | D:3      | Reached skill level 7 in Axes
  1769 | D:3      | Noticed Jessica
  1795 | D:3      | Killed Jessica
  1795 | D:3      | Reached skill level 8 in Axes
  1887 | D:3      | Noticed Grinder
  1891 | D:3      | Paralysed by Grinder for 4 turns
  1901 | D:3      | Killed Grinder
  1901 | D:3      | Reached skill level 9 in Axes
  1901 | D:3      | Reached XP level 6. HP: 35/51 MP: 5/5
  2110 | D:3      | Found a deep blue altar of Sif Muna.
  2196 | D:4      | Reached XP level 7. HP: 57/57 MP: 6/6
  2236 | D:4      | Reached skill level 10 in Axes
  2269 | D:4      | Found Emichub's Assorted Antiques.
  2314 | D:4      | Found Orphosk's Armour Boutique.
  2373 | D:4      | Reached **** piety under Trog
  2411 | D:4      | Found a burning altar of Makhleb.
  2578 | D:4      | Noticed Edmund
  2586 | D:4      | Reached skill level 11 in Axes
  2588 | D:4      | Killed Edmund
  2591 | D:4      | Reached XP level 8. HP: 64/64 MP: 7/7
  2797 | D:5      | Entered Level 5 of the Dungeon
  2809 | D:5      | Noticed emikaela's ghost (amateur DEHu)
  2818 | D:5      | Killed emikaela's ghost
  2818 | D:5      | Reached skill level 12 in Axes
  2842 | D:5      | Noticed Duvessa
  2843 | D:5      | Noticed Dowan
  2851 | D:5      | Killed Duvessa
  2852 | D:5      | Killed Dowan
  2974 | D:5      | Got a polished whip
  2975 | D:5      | Identified the +2 whip of Luatuud {drain, rF++ rC+ Int+2} (You found it on level 5 of the Dungeon)
  2986 | D:5      | Found a runed door.
  3408 | D:5      | Noticed Crazy Yiuf
  3412 | D:5      | Killed Crazy Yiuf
  3412 | D:5      | Reached ***** piety under Trog
  3534 | D:6      | Reached skill level 13 in Axes
  3633 | D:6      | Got a pitted ring mail
  3644 | D:6      | Identified the +4 ring mail of Sunlight {*Slow rElec rN+ Regen+ Str+2} (You found it on level 6 of the Dungeon)
  4247 | D:6      | Found a hide-covered altar of Uskayaw.
  4248 | D:6      | Found a shattered altar of Ashenzari.
  4302 | D:7      | Reached XP level 9. HP: 70/70 MP: 8/8
  4362 | D:7      | Reached skill level 14 in Axes
  4378 | D:7      | Found an iron altar of Okawaru.
  4428 | D:7      | Found a glowing golden altar of the Shining One.
  4512 | D:7      | Received a gift from Trog
  4547 | D:7      | Found a staircase to the Ecumenical Temple.
  5134 | D:8      | Noticed Maurice
  5142 | D:8      | Killed Maurice
  5404 | D:8      | Reached skill level 15 in Axes
  5406 | D:8      | Reached skill level 5 in Fighting
  5457 | D:9      | Noticed Gastronok
  5461 | D:9      | Reached XP level 10. HP: 53/81 MP: 3/9
  5469 | D:9      | Killed Gastronok
  5469 | D:9      | Reached skill level 5 in Armour
  5469 | D:9      | Reached skill level 5 in Dodging
  5480 | D:9      | Gained mutation: Your muscles are strong. (Str +2) [potion of mutation]
  5480 | D:9      | Lost mutation: Your muscles are strong. (Str +2) [potion of mutation]
  5480 | D:9      | Gained mutation: You are somewhat resistant to further mutation. [potion of mutation]
  5482 | D:9      | Gained mutation: You have a pair of large horns on your head. [potion of mutation]
  5482 | D:9      | Gained mutation: Your mind is acute. (Int +2) [potion of mutation]
  5483 | D:9      | Found a bloodstained altar of Trog.
  5729 | D:9      | Received a gift from Trog
  5798 | D:9      | Found an ancient bone altar of Kikubaaqudgha.
  5798 | D:9      | Found a glowing silver altar of Zin.
  5940 | D:9      | Noticed Prince Ribbit
  5994 | D:9      | Killed Prince Ribbit
  6122 | D:10     | Entered Level 10 of the Dungeon
  6129 | D:10     | Reached XP level 11. HP: 76/94 MP: 3/10
  6340 | D:10     | Received a gift from Trog
  6347 | D:10     | Killed an unseen horror
  6348 | D:10     | Reached skill level 16 in Axes
  6561 | D:10     | Noticed Lluna's ghost (journeyman SpAs)
  6589 | D:10     | Killed Lluna's ghost
  6591 | D:10     | Reached ****** piety under Trog
  6843 | D:10     | Killed an unseen horror
  7039 | D:10     | Noticed a centaur warrior
  7046 | D:10     | Killed a centaur warrior
  7242 | D:11     | Reached XP level 12. HP: 106/106 MP: 11/11
  7337 | D:11     | Reached skill level 10 in Fighting
  7438 | D:11     | Received a gift from Trog
  7443 | D:11     | Got a fine broad axe {god gift}
  7583 | D:11     | Found a staircase to the Lair.
  7707 | D:11     | Reached skill level 10 in Armour
  7778 | D:11     | Identified the +8 broad axe "Vutyemixt" {venom, *Noise rElec Int+2} (Trog gifted it to you on level 11 of the Dungeon)
  7862 | D:12     | Noticed a stone giant
  7871 | D:12     | Killed a stone giant
  7876 | D:12     | Reached skill level 17 in Axes
  7878 | D:12     | Reached skill level 10 in Dodging
  7980 | D:12     | Found a staircase to the Orcish Mines.
  8360 | D:13     | Noticed a six-headed hydra
  8362 | D:13     | Received a gift from Trog
  8372 | D:13     | Killed a seven-headed hydra
  8372 | D:13     | Reached XP level 13. HP: 105/116 MP: 12/12
  8518 | D:13     | Got a fine ring mail
  8744 | D:13     | Found Bucot's Magic Scroll Shoppe.
  9071 | D:14     | Identified the Catalogue of the Snowflakes
  9296 | D:14     | Lost mutation: Your mind is acute. (Int +2) [mutagenic meat]
  9558 | D:14     | Reached skill level 18 in Axes
  9575 | D:14     | Received a gift from Trog
  9712 | D:14     | Found a gate to the Vaults.
  9759 | D:14     | Identified the +4 ring mail "Soejus" {Dex+5} (You found it on level 13 of the Dungeon)
  9809 | D:15     | Entered Level 15 of the Dungeon
  9866 | D:15     | Gained mutation: Your skin changes colour to match your surroundings (Stealth+). [mutagenic meat]
  9898 | D:15     | Noticed Agnes
  9907 | D:15     | Killed Agnes
 10005 | D:15     | Reached XP level 14. HP: 90/127 MP: 13/13
 10208 | D:15     | Found a staircase to the Depths.
 10297 | D:15     | Found Egrausk's Food Shoppe.
 10620 | D:15     | Received a gift from Trog
 10722 | Orc:1    | Entered Level 1 of the Orcish Mines
 10724 | Orc:1    | Noticed a stone giant
 10734 | Orc:1    | Killed a stone giant
 10734 | Orc:1    | Reached skill level 19 in Axes
 11186 | Orc:1    | Received a gift from Trog
 11240 | Orc:1    | Noticed Nergalle
 11247 | Orc:1    | Killed Nergalle
 11587 | Orc:1    | Noticed a stone giant
 11598 | Orc:1    | Killed a stone giant
 11609 | Orc:1    | Got a jewelled battleaxe {elec}
 11903 | Orc:2    | Entered Level 2 of the Orcish Mines
 11918 | Orc:2    | Received a gift from Trog
 11927 | Orc:2    | Slain by an orc warrior

Skill      XL: |  1  2  3  4  5  6  7  8  9 10 11 12 13 14 |
---------------+-------------------------------------------+-----
Axes           | 4 5 6 9 11 13 15 16 17 18 19 | 19.8
Fighting       | 5 7 9 11 12 13 | 13.9
Armour         | 4 7 9 11 12 13 | 13.8
Dodging        | 4 6 8 10 11 12 | 12.6

Action                   |  1- 3 |  4- 6 |  7- 9 | 10-12 | 13-15 || total
-------------------------+-------+-------+-------+-------+-------++-------
Melee: Hand axe          |    79 |    74 |       |       |       ||   153
       Headbutt          |    10 |    21 |    48 |    67 |   138 ||   284
       War axe           |       |    44 |    79 |       |       ||   123
       Whip              |       |       |   135 |       |       ||   135
       Executioner's axe |       |       |    67 |   401 |   464 ||   932
Invok: Berserk           |       |     2 |     1 |     3 |     1 ||     7
       Trog's Hand       |       |     1 |       |       |       ||     1
       Burn Spellbooks   |       |       |     1 |     1 |     4 ||     6
       Brothers in Arms  |       |       |       |     2 |     3 ||     5
  Use: Potion            |       |     3 |       |     4 |       ||     7
       Scroll            |       |       |    15 |    10 |     5 ||    30
  Eat: Chunk             |       |     6 |    13 |    15 |    14 ||    48
       Meat ration       |       |       |       |     1 |     1 ||     2
Armor: Animal skin       |    10 |     1 |       |       |       ||    11
       Chain mail        |       |    26 |    41 |       |       ||    67
       Ring mail         |       |       |    54 |   191 |   205 ||   450
Dodge: Dodged            |    49 |    52 |   143 |   461 |   591 ||  1296
